AoeStats
← Serpent23

Arena

510428567Analyzed
1v1 RM · 15h ago on Oct 1, 2026· 46m 33s· 2 players
Game mode
Random Map
Map size
Tiny (2 player)
Population
200
Speed
Normal
Resources
Standard
Victory
Conquest
Starting age
Dark Age
Ending age
Imperial Age
RankedLock teamsTeams togetherTeam positionsShared explorationLock speedFull tech treeHidden civsTurbo modeCheats
Victory
Defeat
🇵🇰 Burgundians · Pakistan
1341
+15
🇲🇽 Khmer · Mexico
1321
-15
oblic
9:28 Loom
11:13 Feudal Age
14:52 Castle Age
13:15 Double-Bit Axe
15:19 Bloodlines
14:55 Light Cavalry
23:07 Wheelbarrow
31:27 Imperial Age
28:44 Town Watch
31:41 Heavy Scorpion
36:24 Chemistry
37:30 Masonry
37:42 Ballistics
39:32 Double Crossbow
43:03 Hussar
43:45 Husbandry
46:00 Siege Engineers
Serpent23
3:45 Double-Bit Axe
11:22 Feudal Age
10:07 Horse Collar
12:46 Loom
15:23 Castle Age
14:00 Bow Saw
16:12 Scale Mail Armor
20:07 Light Cavalry
25:50 Wheelbarrow
25:43 Heavy Plow
26:24 Squires
31:05 Imperial Age
29:57 Chain Mail Armor
30:35 Town Watch
31:34 Fletching
32:23 Plate Mail Armor
32:14 Hand Cart
33:02 Chemistry
33:05 Forging
32:46 Crossbowman
34:01 Ballistics
33:37 Bodkin Arrow
35:25 Two-Man Saw
34:52 Conscription
38:00 Masonry
37:46 Murder Holes
40:38 Fortified Wall
43:29 Crop Rotation
43:10 Padded Archer Armor
44:09 Iron Casting
42:55 Pikeman
43:40 Treadmill Crane
44:31 Architecture
44:38 Hoardings
46:36 Bracer
47:37 Blast Furnace
Connection lost

Rejoining the realm…

Still unreachable

The connection could not be restored.

Session expired

The server has moved on; the page needs a fresh start.